 Seeded DCSS version 0.29-a0-96-g93358da72b (webtiles) character file.

Game seed: 20220213 (custom seed)

11 a11behringer the Shield-Bearer (level 2, -1/24 HPs)
             Began as a Formicid Fighter on Feb 13, 2022.
             Slain by a quokka (2 damage)
             ... on level 1 of the Dungeon.
             The game lasted 00:00:42 (339 turns).

a11behringer the Shield-Bearer (Formicid Fighter)    Turns: 339, Time: 00:00:43

Health: -1/24      AC:  6    Str: 20    XL:     2   Next: 40%
Magic:  2/2        EV:  9    Int:  7    God:
Gold:   14         SH:  4    Dex: 10    Spells: 1/1 levels left

rFire   . . .      SeeInvis +   a - +0 war axe
rCold   . . .      Faith    .   c - +0 buckler
rNeg    . . .      Spirit   .   b - +0 scale mail
rPois   .          Reflect  .   (helmet unavailable)
rElec   .          Harm     .   (no cloak)
rCorr   .          Rampage  .   (no gloves)
Will    .....                   (no boots)
Stlth   ..........              (no amulet)
HPRegen 0.08/turn               (no ring)
MPRegen 0.08/turn               (no ring)

@: no status effects
A: permanent stasis, dig shafts and tunnels, antennae 3, four strong arms
a: Dig, Shaft Self


You were on level 1 of the Dungeon.
You visited 1 branch of the dungeon, and saw 1 of its levels.

You collected 14 gold pieces.

Inventory:

Hand Weapons
 a - a +0 war axe (weapon)
Armour
 b - a +0 scale mail (worn)
 c - a +0 buckler (worn)
Potions
 d - a potion of might


   Skills:
 + Level 3.4 Fighting
 * Level 2.0 Axes
 + Level 3.4 Armour
 + Level 4.1 Shields


You had one spell level left.
You didn't know any spells.
Your spell library was empty.

Dungeon Overview and Level Annotations

Branches:
Dungeon (1/15)

Altars:


Innate Abilities, Weirdness & Mutations

You cannot be hasted, slowed, berserked, paralysed or teleported.
You can dig through walls and to a lower floor.
You have a pair of large antennae on your head. (SInv)
Your four strong arms can wield two-handed weapons with a shield.


Message History

The kobold shouts!
The kobold barely misses you.
You barely miss the kobold. You block the kobold's attack.
A quokka comes into view.
You hit the kobold.
The kobold is severely wounded.
You closely miss the rat. You block the kobold's attack. The rat bites you.
The kobold hits you but does no damage. The rat bites you but does no damage.
You closely miss the kobold.
The kobold is severely wounded.
You hit the kobold but do no damage. You hit the rat.
You kill the rat!
An endoplasm comes into view.
The kobold hits you with a +0 club.
* * * LOW HITPOINT WARNING * * *
The kobold hits you with a +0 short sword.
* * * LOW HITPOINT WARNING * * *
You closely miss the kobold.
The kobold is severely wounded.
The endoplasm quivers.
You slash the kobold!
You kill the kobold!
You block the kobold's attack. The kobold barely misses you.
You hit the kobold but do no damage.
The kobold is severely wounded.
You block the kobold's attack.
The quokka bites you but does no damage.
You closely miss the kobold.
The kobold is severely wounded.
You barely miss the quokka. The kobold hits you but does no damage.
The quokka bites you.
* * * LOW HITPOINT WARNING * * *
The kobold hits you with a +0 short sword.
* * * LOW HITPOINT WARNING * * *
You closely miss the kobold.
The kobold is heavily wounded.
You hit the quokka.
The quokka bites you but does no damage.
The quokka bites you.
You die...

.... .. .. ... .###..
####..# ......
.......##......
.........$...
........J..# .#
.......Kr..# ..#
........@...##..##
...................
....................
.........#..........
...................
#........)......#
#.........†.....#
.###.......#+####....
...........#..##
.######


You could see an endoplasm, a quokka and a kobold.

Vanquished Creatures
  A ball python (D:1)
  An endoplasm (D:1)
  A giant cockroach (D:1)
  A goblin (D:1)
  2 hobgoblins (D:1)
  A kobold (D:1)
  A quokka (D:1)
  A rat (D:1)
9 creatures vanquished.

Notes
Turn   | Place    | Note
-------+----------+-------------------------------------------
     0 | D:1      | a11behringer the Formicid Fighter began the quest for the
                  | Orb.
     0 | D:1      | Reached XP level 1. HP: 18/18 MP: 1/1
   114 | D:1      | Reached skill level 4 in Shields
   305 | D:1      | Reached XP level 2. HP: 24/24 MP: 2/2
   338 | D:1      | HP: 1/24 [kobold (1)]
   339 | D:1      | Slain by a quokka

Illustrated notes

Levels and vault maps discovered:
D:1:      psy_arrival_statuary, layout_basic

Skill      XL: |  1 |
---------------+----+-----
Shields        | 4 |  4.1
Fighting       | |  3.4
Axes           | |  2.0
Armour         | |  3.4

Action                   || total
-------------------------++-------
Melee: War axe           ||    31
Armor: Scale mail        ||    16
Dodge: Dodged            ||    10
Block: Buckler           ||    12

Table legend: (Time is in decaauts)
 A = Elapsed time spent in this place.
 B = Non-inter-level travel time spent in this place.
 C = Inter-level travel time spent in this place.
 D = Time resting spent in this place.
 E = Time spent auto-exploring this place.
 F = Levels seen in this place.
 G = Mean time per level.
                   A        B        C        D        E       F      G
               +--------+--------+--------+--------+--------+-----+--------+
         Total |    351 |    349 |      2 |      0 |    285 |   1 |  351.0 |
       Dungeon |    351 |    349 |      2 |      0 |    285 |   1 |  351.0 |
               +--------+--------+--------+--------+--------+-----+--------+

Top non-repeatable levels by time:
     D:1: 351 daAuts
